 Dungeon Crawl Stone Soup version 0.31-a0-968-g24f9ace8b5 (webtiles) character file.

Game seed: 13122315822534482992

214 sammy202020 the Trooper (level 5, 0/34 HPs)
             Began as a Gargoyle Berserker on Oct 28, 2023.
             Was a Priest of Trog.
             Slain by an orc
             ... wielding a +0 falchion
              (6 damage)
             ... on level 4 of the Dungeon.
             The game lasted 00:05:16 (2842 turns).

sammy202020 the Trooper (Gargoyle Berserker)        Turns: 2842, Time: 00:05:17

Health: 0/34       AC: 14    Str: 20    XL:     5   Next: 92%
Magic:  5/5        EV: 10    Int: 10    God:    Trog [***...]
Gold:   127        SH:  0    Dex:  9    Spells: 4/4 levels left

rFire   . . .        s - +0 flail
rCold   . . .        (no shield)
rNeg    + . .        o - +0 scale mail
rPois   ∞            (no helmet)
rElec   +            i - +1 cloak
rCorr   .            (no gloves)
SInv    +            r - +0 pair of boots
Will    .....        (no amulet) Stlth
                     n - ring of see invisible
HPRegen 0.25/turn    (no ring)
MPRegen 0.09/turn

%: no passive effects
@: no status effects
A: sickness immunity, AC +4, negative energy resistance 1, electricity
resistance, torment resistance 1, petrification resistance
a: Renounce Religion, Berserk, Trog's Hand


You were on level 4 of the Dungeon.
You worshipped Trog.
Trog was most pleased with you.
You visited 1 branch of the dungeon, and saw 5 of its levels.

You collected 127 gold pieces.

Inventory:

Hand Weapons
 a - a +1 mace
 s - a +0 flail (weapon)
Armour
 i - a +1 cloak (worn)
 o - a +0 scale mail (worn)
 r - a +0 pair of boots (worn)
Jewellery
 n - a ring of see invisible (left hand)
Scrolls
 d - a scroll of enchant armour
 k - a scroll of immolation
 t - a scroll of revelation
 u - a scroll of vulnerability
 v - a scroll of poison
Potions
 b - a potion of degeneration {unknown}
 c - 2 potions of haste
 e - a potion of magic {unknown}
 f - 2 potions of ambrosia
 g - 2 potions of brilliance
 h - 2 potions of enlightenment {unknown}
 j - 2 potions of curing {unknown}
 l - 2 potions of attraction
 m - a potion of lignification {unknown}
 q - a potion of might {unknown}


   Skills:
 * Level 4.6 Fighting
 * Level 4.2 Maces & Flails
 * Level 3.8 Armour
 + Level 2.3 Dodging


You had 4 spell levels left.
You didn't know any spells.
Your spell library was empty.

Dungeon Overview and Level Annotations

Branches:
Dungeon (5/15)
 Temple: D:4-7

Altars:

Shops:
D:4 :


Innate Abilities, Weirdness & Mutations

You are immune to sickness and miasma.
Your stone body is resilient. (AC +4)
You are immune to poison.
You resist negative energy. (rN+)
You are resistant to electric shocks. (rElec)
You are resistant to unholy torment.
You are immune to petrification.


Message History

You can't go down here!
You climb upwards.
The orc hits you but does no damage. The orc barely misses you.
There is a stone staircase leading down here.
You closely miss the orc.
The orc wizard points at you and mumbles some strange words.
You are confused.
You are too confused!
You are too confused!
You are too confused!
You are too confused!
You are too confused!
Unknown command.
You miss the orc.
The orc wizard mumbles some strange words.
The orc wizard flickers and vanishes for a moment.
The orc barely misses you.
You hit the orc.
The orc is moderately wounded.
The orc hits you with a +0 falchion. The orc misses you.
The orc wizard gestures at you while chanting.
The magic dart hits you.
The orc priest calls down the wrath of Beogh upon you.
Beogh smites you!
The orc wizard hits you but does no damage.
The orc hits you but does no damage.
Unknown command.
Okay, then.
You closely miss the orc priest. The orc priest barely misses you.
The orc wizard casts a spell at you. The puff of flame misses you.
The orc hits you but does no damage.
You feel less confused.
The orc priest miscasts a cantrip.
The orc attacks as it pursues you! The orc completely misses you.
You barely miss the orc wizard.
The orc priest invokes the aid of Beogh against you.
Beogh smites you!
* * * LOW HITPOINT WARNING * * *
The orc hits you with a +0 falchion.
You die...

# . .# ####.##.
#....... ##..#....
#. ####@o#..##...
##..#.8o..8#.....#
........o...## ..#
###..#..>...8##..##
#................#.
#.###8...∩...8.#...
# ###......?...#
#8...<..##..
###.....#


You could see an orc priest, an orc wizard (invisible) and an orc.

Vanquished Creatures
  A hound (D:5)
  Natasha (thrice) (D:2)
  An adder (D:2)
  A worm (D:5)
  An adder skeleton (D:2)
  11 dart slugs
  A bat skeleton (D:2)
  3 endoplasms
  12 giant cockroaches
  3 goblins
  7 hobgoblins
  4 jackals (D:2)
  3 kobolds
  2 quokkas
  4 ball pythons
  A ball python skeleton (D:2)
  4 bats
  2 frilled lizards
  A jackal zombie (D:2)
  2 quokka zombies (D:2)
  6 rats
73 creatures vanquished.

Notes
Turn   | Place    | Note
-------+----------+-------------------------------------------
     0 | D:1      | sammy202020 the Gargoyle Berserker began the quest for the
                  | Orb.
     0 | D:1      | Reached XP level 1. HP: 14/14 MP: 1/1
   133 | D:1      | You fall into a shaft and drop 1 floor!
   199 | D:1      | Reached XP level 2. HP: 19/19 MP: 2/2
   642 | D:2      | Reached XP level 3. HP: 24/24 MP: 3/3
   903 | D:2      | Reached ** piety under Trog
   983 | D:2      | Found a faded altar of an unknown god.
  1105 | D:2      | Reached XP level 4. HP: 29/29 MP: 4/4
  1144 | D:2      | Noticed Natasha
  1160 | D:2      | Killed Natasha
  1212 | D:2      | Identified the +4 dagger of the Postmodern Planets {pain,
                  | rN+ Will+ Int+5}
  1251 | D:2      | Noticed Natasha
  1260 | D:2      | Killed Natasha
  1261 | D:2      | Reached XP level 5. HP: 17/33 MP: 5/5
  1377 | D:2      | Noticed Natasha
  1393 | D:2      | Killed Natasha
  1575 | D:3      | Identified the +12 great sword "Ytahomoz" {heavy, Drain
                  | rElec Dex+6 Stlth+}
  2175 | D:3      | Reached *** piety under Trog
  2597 | D:4      | Found Ylyst's Book Boutique.
  2612 | D:5      | Entered Level 5 of the Dungeon
  2842 | D:4      | Slain by an orc

Illustrated notes

Levels and vault maps discovered:
D:1:      dpeg_arrival_tiny_a, layout_rooms, moated_statue, minivault_26,
          st_stairs_14
D:2:      minmay_roachtagon, layout_loops_cross,
          hellmonk_ecumenical_altar_run_dry, dilly_guarded_unrand_morg
D:3:      kennysheep_slugbush, layout_basic
D:4:      layout_loops_cross, lemuel_tele_altar, minmay_temple_entry_wispy,
          serial_shops, nicolae_stop_n_shop_1
D:5:      layout_cave_pools, lemuel_coloured_pillars_altar, serial_column_ruins,
          column_ruins_hut_pillars, column_ruins_open_large,
          column_ruins_grid_1, column_ruins_corridor_plus, column_ruins_grid_1,
          serial_shops, nicolae_stop_n_shop_2, serial_bayou_lagoon_a,
          uniq_eustachio

Skill      XL: |  1  2  3  4  5 |
---------------+----------------+-----
Armour         | 3 |  3.8
Dodging        | 2 |  2.3
Fighting       | 4 |  4.6
Maces & Flails | 4 |  4.2

Action                     |  1- 3 |  4- 6 || total
---------------------------+-------+-------++-------
  Melee: Mace              |   160 |    77 ||   237
         Flail             |       |    30 ||    30
         Punch             |       |     1 ||     1
 Invoke: Berserk           |       |     2 ||     2
    Use: Scroll            |     4 |     8 ||    12
         Potion            |       |     1 ||     1
 Armour: Animal skin       |   116 |    45 ||   161
         Scale mail        |       |    39 ||    39
         Ring mail         |       |    11 ||    11
         Skin              |       |     1 ||     1
  Dodge: Dodged            |   176 |    85 ||   261

Table legend: (Time is in decaauts)
 A = Elapsed time spent in this place.
 B = Non-inter-level travel time spent in this place.
 C = Inter-level travel time spent in this place.
 D = Time resting spent in this place.
 E = Time spent auto-exploring this place.
 F = Levels seen in this place.
 G = Mean time per level.
                   A        B        C        D        E       F      G
               +--------+--------+--------+--------+--------+-----+--------+
         Total |   2913 |   2779 |    134 |    247 |   1768 |   5 |  582.6 |
       Dungeon |   2913 |   2779 |    134 |    247 |   1768 |   5 |  582.6 |
               +--------+--------+--------+--------+--------+-----+--------+

Top non-repeatable levels by time:
     D:2: 1234 daAuts
     D:3: 945 daAuts
     D:1: 503 daAuts
     D:5: 209 daAuts
     D:4: 21 daAuts
